 Dungeon Crawl Stone Soup version 0.29.1-2-gbd0b4ee654 (webtiles) character file.

Game seed: 2383820058804721210

565 cdecastro the Magician (level 7, -4/47 HPs)
             Began as a Djinni Transmuter on Nov 10, 2022.
             Was a Believer of Dithmenos.
             Killed from afar by a white imp (13 damage)
             ... with a puff of frost
             ... on level 4 of the Dungeon.
             The game lasted 00:07:19 (4488 turns).

cdecastro the Magician (Djinni Transmuter)          Turns: 4488, Time: 00:07:20

Health: -4/47      AC:  2    Str:  9    XL:     7   Next: 58%
Gold:   160        EV: 12    Int: 16    God:    Dithmenos [**....] SH:  0 Dex: 14

rFire   + + .      SeeInvis .   s - +2 dagger (venom)
rCold   x . .      Faith    .   (no shield)
rNeg    . . .      Spirit   .   a - +0 robe
rPois   ∞          Reflect  .   (no helmet)
rElec   .          Harm     .   (no cloak)
rCorr   .          Rampage  .   (no gloves)
Will    .....                   (boots unavailable)
Stlth   ++........              (no amulet)
HPRegen 0.15/turn               (no ring)
MPRegen 0.00/turn               (no ring)

@: flying, wreathed by umbra
A: sickness immunity, fire resistance 2, cold vulnerability 1, float, innate
caster, HP casting, extra vitality 1
a: Renounce Religion, Shadow Step


You were on level 4 of the Dungeon.
You worshipped Dithmenos.
Dithmenos was pleased with you.
You visited 1 branch of the dungeon, and saw 4 of its levels.

You collected 160 gold pieces.

Inventory:

Hand Weapons
 s - a +2 dagger of venom (weapon)
Missiles
 d - 37 stones
 n - 4 boomerangs
 r - 11 poisoned darts
Armour
 a - a +0 robe (worn)
Wands
 x - a wand of mindburst (11)
Scrolls
 c - a scroll of noise {unknown}
 e - 3 scrolls of identify {unknown}
 h - a scroll of amnesia {unknown}
 j - 3 scrolls of blinking {unknown}
 k - 2 scrolls of magic mapping {unknown}
 l - a scroll of teleportation {unknown}
 q - a scroll of fog {unknown}
 t - a scroll of enchant weapon {unknown}
 w - a scroll of enchant armour {unknown}
Potions
 b - a potion of lignification
 f - 2 potions of mutation {unknown}
 g - 3 potions of curing {unknown}
 i - 2 potions of attraction {unknown}
 m - a potion of brilliance {unknown}
 o - a potion of degeneration {unknown}
 p - a potion of flight {unknown}
 u - a potion of might {unknown}
 v - a potion of cancellation {unknown}


   Skills:
 - Level 1.0 Fighting
 - Level 2.1 Dodging
 - Level 3.0 Unarmed Combat
 * Level 6.0 Spellcasting


You had 2 spell levels left.
You knew the following spells:

 Your Spells              Type           Power      Damage    Failure   Level
a - Beastly Appendage     Tmut           48%        N/A       1%          1
b - Wereblood             Tmut           24%        N/A       1%          2
c - Spider Form           Tmut/Pois      24%        N/A       3%          3
d - Ice Form              Ice/Tmut       24%        N/A       12%         4
e - Sandblast             Erth           48%        2d12      1%          1
f - Call Imp              Summ           24%        N/A       1%          2
g - Mephitic Cloud        Conj/Pois/Air  24%        N/A       3%          3
Your spell library was empty.

Dungeon Overview and Level Annotations

Branches:
Dungeon (4/15)
 Temple: D:4-7

Altars:
Dithmenos
Trog
Uskayaw

Annotations:
D:4 Edmund


Innate Abilities, Weirdness & Mutations

You are immune to sickness and miasma.
You are immune to poison.
Your flesh is very heat resistant. (rF++)
You are vulnerable to cold. (rC-)
You float through the air rather than walking.
You learn spells naturally, not from books.
Your magical power is your life essence.
You have superior vitality. (+4 MHP)


Message History

You hit the endoplasm.
You kill the endoplasm!
Dithmenos accepts your kill.
You hit the ball python.
You kill the ball python!
Dithmenos accepts your kill.
You hit the white imp but do no damage. The white imp gestures at you.
The puff of frost hits you!
You feel a terrible chill!
You barely miss the white imp.
You punch the white imp, but do no damage.
The white imp gestures at you. The puff of frost hits you!
You feel a terrible chill!
You hit the white imp.
The white imp is moderately wounded.
The white imp disappears for a moment.
The white imp hits you but does no damage.
You hit the white imp.
The white imp is heavily wounded.
The white imp barely misses you.
You hit the white imp.
The white imp is severely wounded.
The white imp gestures at you. The puff of frost hits you!
You feel a terrible chill!
* * * LOW HITPOINT WARNING * * *
You hit the white imp.
You punch the white imp, but do no damage.
The white imp is severely wounded.
The white imp gestures at you. The puff of frost hits you.
You feel a terrible chill!
* * * LOW HITPOINT WARNING * * *
You hit the white imp.
The white imp is almost dead.
The white imp gestures at you. The puff of frost misses you.
You completely miss the white imp.
The white imp is almost dead.
The white imp gestures at you. The puff of frost hits you!
You feel a terrible chill!
You die...

..##.##.....## ##.#.
.##...##...## #...
##.....##'## +...
.##...##...## ##..#########
..##.##.....## #...#.[......
...#'+.......#+##...#........
..##.##.....##.##...#$.#.....
.##...##...##...##.†'........
##.....##'##....@5..'........
.##...##...##...##..#.....#..
..##.##.....##.######........
...#'#.......#'# #........
..##.##.....##.# #########
.##...##...##..#
##.....##'##.###
.##...##....## ..##.###.####


You could see a white imp.

Vanquished Creatures
  Sigmund (D:4)
  Menkaure (D:4)
  An orc priest (D:3)
  2 iguanas (D:4)
  Jessica (D:3)
  2 orc wizards (D:4)
  An adder (D:2)
  3 worms
  5 orcs
  6 ball pythons
  9 endoplasms
  3 giant cockroaches (D:1)
  6 goblins
  8 hobgoblins
  8 kobolds
  2 quokkas (D:4)
  6 bats
  5 frilled lizards
  9 rats
79 creatures vanquished.

Vanquished Creatures (others)
  An orc priest (D:4)
1 creature vanquished.

Grand Total: 80 creatures vanquished

Notes
Turn   | Place    | Note
-------+----------+-------------------------------------------
     0 | D:1      | cdecastro the Djinni Transmuter began the quest for the
                  | Orb.
     0 | D:1      | cdecastro set off with the following spells memorised:
                  | Beastly Appendage, Wereblood, Spider Form, Ice Form.
     0 | D:1      | Reached XP level 1. HP: 17/17 MP: 0/0
   471 | D:1      | Reached skill level 2 in Spellcasting
   520 | D:1      | Reached XP level 2. HP: 12/22 MP: 0/0
  1128 | D:1      | Reached XP level 3. HP: 26/27 MP: 0/0
  1128 | D:1      | Learned a level 1 spell: Sandblast
  1784 | D:2      | Reached skill level 3 in Spellcasting
  1828 | D:2      | Reached XP level 4. HP: 29/32 MP: 0/0
  2051 | D:2      | Found a faded altar of an unknown god.
  2479 | D:2      | Prayed at the altar of an unknown god.
  2479 | D:2      | Became a worshipper of Dithmenos the Shadowed
  2479 | D:2      | Reached * piety under Dithmenos
  2878 | D:3      | Noticed Jessica
  2888 | D:3      | Killed Jessica
  2944 | D:3      | Found a hide-covered altar of Uskayaw.
  2946 | D:3      | Noticed a +0 dagger
  2946 | D:3      | Noticed a +0 hand axe
  3016 | D:3      | Reached XP level 5. HP: 27/37 MP: 0/0
  3016 | D:3      | Learned a level 2 spell: Call Imp
  3423 | D:3      | Reached skill level 4 in Spellcasting
  3670 | D:4      | Noticed Sigmund
  3679 | D:4      | Killed Sigmund
  3680 | D:4      | Reached skill level 5 in Spellcasting
  3680 | D:4      | Reached XP level 6. HP: 40/42 MP: 0/0
  3850 | D:4      | Found a bloodstained altar of Trog.
  3965 | D:4      | Noticed Menkaure
  3970 | D:4      | Killed Menkaure
  3971 | D:4      | Reached XP level 7. HP: 45/47 MP: 0/0
  3971 | D:4      | Learned a level 3 spell: Mephitic Cloud
  4119 | D:4      | Noticed Edmund
  4211 | D:4      | Reached ** piety under Dithmenos
  4476 | D:4      | Reached skill level 6 in Spellcasting
  4488 | D:4      | Killed from afar by a white imp

Illustrated notes

Levels and vault maps discovered:
D:1:      onia_arrival_mini_spirals, layout_loops_ring
D:2:      layout_rooms, dreamdust_ecumenical_altar_hidden_monk_grotto
D:3:      layout_rooms, dancing_weapons_uskayaw, uniq_jessica
D:4:      layout_rooms, trog_butcher_becter, grunt_ministairs_7,
          nicolae_hexahallways, kennysheep_generic_room_7, uniq_sigmund,
          uniq_menkaure, uniq_edmund

Skill      XL: |  1  2  3  4  5  6  7 |
---------------+----------------------+-----
Spellcasting   | 2 3 5 6 |  6.0
Fighting       | |  1.0
Dodging        | |  2.1
Unarmed Combat | |  3.0

Action                   |  1- 3 |  4- 6 |  7- 9 || total
-------------------------+-------+-------+-------++-------
Melee: Unarmed           |    50 |    14 |    18 ||    82
       Headbutt          |    15 |    11 |       ||    26
       Punch             |     5 |     1 |     2 ||     8
       Dagger            |    43 |    87 |    14 ||   144
 Cast: Beastly Appendage |    19 |     8 |       ||    27
       Sandblast         |       |     4 |       ||     4
       Spider Form       |       |     1 |     1 ||     2
       Mephitic Cloud    |       |       |     1 ||     1
 Stab: Sleeping          |     4 |     3 |     1 ||     8
Armor: Robe              |    12 |    13 |     2 ||    27
       Skin              |       |     1 |       ||     1
Dodge: Dodged            |    52 |    47 |    27 ||   126
